Map: Frozen Temple

Players

blackxored - Winner!

  • Race: Zerg Zerg
  • League: Diamond

Paco

  • Race: Zerg Zerg
  • League: Platinum

VOD

Have the link to the VOD?

Description

Time

  • Played on: July 2, 2016, 2:16 a.m.
  • Length: 9:20
Show
View Real Time Build Order
Export as new Build Order

blackxored Zerg - Winner!

Build Orders: Pool First 

Get SALT Encoding   

  12  0:01  Drone  
  13  0:07  Drone  
  14  0:17  Extractor  
  14  0:19  Drone  
  14  0:33  Spawning Pool  
  13  0:35  Drone  
  14  0:44  Overlord  
  14  0:52  Extractor  
  14  0:53  Drone  
  15  1:05  Drone x2  
  17  1:15  Drone  
  18  1:19  Queen  
  20  1:26  Overlord  
  20  1:34  Metabolic Boost  
  20  1:44  Baneling Nest  
  20  1:46  Drone  
  20  1:49  Drone  
  20  1:53  Zergling x2  
  22  2:13  Hatchery  
  21  2:16  Zergling x2  
  21  2:18  Zergling x2  
  23  2:36  Drone x4  
  27  2:55  Drone  
  28  3:04  Drone  
  29  3:07  Lair  
  29  3:10  Hatchery  
  28  3:13  Overlord  
  28  3:20  Extractor  
  28  3:24  Drone x2  
  28  3:25  Drone  
  30  3:32  Queen  
  32  3:39  Drone  
  32  3:40  Drone  
  34  3:47  Drone x2  
  36  3:49  Drone  
  36  3:53  Drone  
  36  3:54  Drone  
  39  3:56  Drone  
  39  4:03  Drone  
  40  4:10  Spire  
  40  4:11  Drone  
  40  4:18  Extractor, Drone x2  
  40  4:19  Extractor  
  40  4:20  Drone  
  40  4:22  Drone  
  40  4:24  Drone  
  43  4:37  Evolution Chamber  
  42  4:40  Drone x2  
  42  4:42  Evolution Chamber  
  43  4:46  Zergling x4, Spine Crawler  
  43  4:47  Zergling x4  
  43  4:48  Zergling x2  
  43  4:50  Drone  
  48  4:54  Drone x2  
  50  5:07  Overlord  
  50  5:18  Overlord x3  
  50  5:31  Overlord  
  46  5:57  Mutalisk x6  
  43  6:01  Drone  
  43  6:02  Drone x3  
  59  6:12  Zerg Flyer Weapons Level 1  
  59  6:16  Drone  
  59  6:17  Drone x4  
  64  6:19  Mutalisk  
  64  6:20  Mutalisk x2  
  70  6:29  Mutalisk  
  72  6:42  Drone x4  
  72  6:43  Drone x3  
  72  6:44  Extractor  
  72  6:45  Extractor  
  77  6:48  Mutalisk  
  77  6:49  Mutalisk  
  77  6:52  Overlord x3  
  81  6:57  Hatchery  
  80  7:02  Drone x2  
  82  7:09  Overlord x2  
  82  7:36  Mutalisk  
  82  7:37  Mutalisk x5  
  94  7:57  Mutalisk x3  
  94  7:58  Mutalisk  
  100  8:08  Mutalisk  
  100  8:23  Zergling x22  
  98  8:33  Mutalisk  
  97  8:59  Infestation Pit  
Show
View Real Time Build Order
Export as new Build Order

Paco Zerg 

Build Orders: Pool First 

Get SALT Encoding   

  12  0:01  Drone  
  13  0:09  Drone  
  14  0:28  Spawning Pool  
  13  0:35  Overlord  
  13  0:41  Drone  
  14  1:00  Extractor  
  14  1:04  Drone x2  
  15  1:15  Queen  
  17  1:32  Hatchery  
  16  1:46  Drone  
  17  1:48  Spine Crawler  
  16  1:58  Baneling Nest  
  15  2:04  Zergling x2  
  16  2:10  Zergling x2  
  16  2:15  Zergling x2  
  18  2:22  Zergling x2  
  19  2:28  Zergling x2  
  20  2:42  Drone x2  
  22  2:50  Baneling x2  
  22  2:52  Drone x2  
  24  3:06  Drone x3  
  27  3:13  Drone  
  27  3:19  Overlord  
  28  3:34  Roach Warren  
  28  3:39  Drone x4  
  31  3:44  Drone  
  32  3:52  Queen  
  34  3:59  Metabolic Boost  
  33  4:11  Drone x2  
  33  4:13  Overlord  
  35  4:25  Overlord x3  
  35  4:39  Hatchery  
  35  4:42  Drone x2  
  36  4:59  Queen  
  38  5:00  Overlord, Drone x3  
  38  5:01  Drone  
  38  5:06  Lair  
  42  5:13  Baneling  
  42  5:18  Roach x3  
  48  5:26  Zergling x6  
  51  5:39  Zergling x2  
  51  5:40  Zergling x6  
  51  5:42  Baneling  
  54  5:53  Drone x2  
  54  5:54  Drone x6  
  62  5:59  Queen  
  64  6:04  Extractor  
  64  6:07  Drone x4  
  64  6:10  Extractor  
  66  6:12  Drone x2  
  66  6:13  Evolution Chamber  
  66  6:15  Evolution Chamber  
  66  6:18  Drone  
  67  6:21  Overseer  
  67  6:31  Extractor  
  67  6:32  Extractor, Spine Crawler  
  64  6:34  Overlord x2, Drone x5  
  69  6:46  Spore Crawler  
  68  6:50  Spore Crawler  
  68  6:53  Spore Crawler  
  66  6:54  Extractor, Spore Crawler  
  66  6:55  Overlord, Drone x4  
  66  7:00  Glial Reconstitution  
  68  7:01  Hydralisk Den  
  68  7:03  Zerg Missile Weapons Level 1  
  68  7:04  Drone x2  
  68  7:07  Drone x2  
  68  7:08  Drone  
  72  7:12  Spore Crawler  
  68  7:27  Drone x4  
  70  7:32  Overlord x4  
  69  7:42  Spore Crawler  
  67  7:56  Overlord  
  67  7:57  Overlord  
  67  8:02  Overlord, Spore Crawler, Drone x2  
  67  8:03  Drone  
  67  8:07  Spore Crawler  
  67  8:11  Overlord x2  
  66  8:18  Hydralisk x2  
  55  8:31  Hydralisk  
  55  8:32  Hydralisk  
  59  8:35  Overlord  
  59  8:36  Overlord  
  59  8:37  Overlord x2  
  59  8:38  Overlord x2  
  55  8:45  Hydralisk x2  
  51  8:54  Drone x5  
  53  9:06  Drone x3  
Tags
 
Add a new tag
Caveats
  • Supply blocks, unpowered buildings, or Contaminate may cause inaccurate times.
  • Supply counts are checked every 10 seconds.